AoeStats
← 739697286

Hill Fort

506830512Analyzed
4v4 RM · 18d ago on Sep 15, 2026· 40m 18s· 8 players
Game mode
Random Map
Map size
Large (8 player)
Population
200
Speed
Normal
Resources
Standard
Victory
Conquest
Starting age
Dark Age
Ending age
Imperial Age
RankedLock teamsTeams togetherTeam positionsShared explorationLock speedFull tech treeHidden civsTurbo modeCheats
Victory
Defeat
🇯🇵 Huns · Japan
1516
+15
🇨🇳 Goths · China
1497
+16
🇨🇳 Hindustanis · China
1480
+17
1461
+17
🇳🇱 Ethiopians · Netherlands
1533
-17
🇳🇱 Jurchens · Netherlands
1511
-17
🇳🇱 Khmer · Netherlands
1504
-17
🇳🇱 Teutons · Netherlands
1439
-14
投掷哥布林
7:40 Loom
10:01 Feudal Age
14:33 Castle Age
13:22 Double-Bit Axe
13:50 Horse Collar
23:13 Wheelbarrow
23:19 Bow Saw
23:11 Heavy Plow
24:50 Town Watch
25:23 Hand Cart
25:01 Gold Mining
27:28 Fervor
30:07 Imperial Age
27:41 Stone Mining
28:28 Gold Shaft Mining
28:13 Scale Barding Armor
28:19 Forging
30:26 Chain Barding Armor
30:42 Iron Casting
30:34 Husbandry
30:45 Bloodlines
30:54 Bloodlines
30:44 Heavy Camel Rider
32:04 Plate Barding Armor
33:10 Two-Man Saw
33:32 Blast Furnace
32:35 Imperial Camel Rider
35:37 Conscription
37:47 Grand Trunk Road
37:37 Light Cavalry
39:05 Hussar
39:54 Caravan
あおぞら ひかり
12:06 Feudal Age
16:01 Castle Age
14:29 Double-Bit Axe
14:25 Horse Collar
17:35 Bow Saw
18:38 Fletching
19:28 Loom
22:17 Bodkin Arrow
23:44 Town Watch
24:35 Wheelbarrow
23:51 Gold Mining
31:39 Imperial Age
32:30 Ballistics
32:27 Bracer
33:30 Chemistry
33:00 Conscription
34:06 Husbandry
34:56 Elite War Wagon
36:52 Thumb Ring
39:24 Scale Mail Armor
39:34 Forging
38:50 Elite Fire Lancer
39:31 Squires
39:17 Arson
kome
10:46 Feudal Age
12:07 Loom
14:46 Castle Age
13:22 Double-Bit Axe
13:41 Horse Collar
15:42 Fletching
22:37 Bodkin Arrow
24:33 Ballistics
24:57 Bow Saw
26:13 Wheelbarrow
27:13 Gold Mining
27:13 Stone Mining
31:32 Gold Shaft Mining
31:24 Thumb Ring
34:13 Imperial Age
32:41 Thumb Ring
32:55 Husbandry
33:05 Bloodlines
33:27 Padded Archer Armor
35:00 Bracer
36:04 Chemistry
36:13 Parthian Tactics
35:08 Heavy Cavalry Archer
36:09 Heavy Cavalry Archer
37:44 Masonry
39:31 Leather Archer Armor
739697286
11:12 Feudal Age
12:29 Double-Bit Axe
15:03 Castle Age
13:16 Horse Collar
13:36 Gold Mining
14:06 Loom
15:57 Bow Saw
15:57 Heavy Plow
18:08 Man-at-Arms
18:59 Long Swordsman
22:08 Forging
21:58 Scale Mail Armor
22:08 Forging
27:00 Wheelbarrow
28:21 Chain Mail Armor
28:41 Iron Casting
28:21 Chain Mail Armor
28:41 Iron Casting
28:21 Chain Mail Armor
28:41 Iron Casting
37:16 Squires
36:45 Pikeman
[C4LL] Djed
5:10 Loom
11:16 Feudal Age
15:02 Castle Age
15:42 Double-Bit Axe
15:37 Horse Collar
16:33 Bow Saw
22:58 Wheelbarrow
25:41 Fletching
26:34 Gold Mining
26:36 Stone Mining
26:47 Heavy Plow
27:56 Stone Shaft Mining
27:58 Gold Shaft Mining
28:32 Bodkin Arrow
34:01 Imperial Age
31:49 Hand Cart
31:48 Scale Barding Armor
31:53 Forging
33:03 Forging
34:30 Chain Barding Armor
34:48 Iron Casting
34:16 Elite Iron Pagoda
36:21 Plate Barding Armor
36:14 Conscription
38:17 Blast Furnace
[C4LL] Boevjee a.k.a. Borlor
10:33 Feudal Age
11:29 Loom
15:24 Castle Age
13:53 Double-Bit Axe
14:15 Horse Collar
16:59 Bow Saw
21:22 Wheelbarrow
28:08 Gold Mining
29:43 Fletching
Reported offensive name
10:00 Feudal Age
10:06 Loom
13:41 Castle Age
11:49 Double-Bit Axe
12:12 Horse Collar
15:24 Wheelbarrow
15:49 Bow Saw
19:38 Town Watch
20:26 Stone Mining
21:54 Fletching
23:25 Hand Cart
23:54 Bodkin Arrow
24:30 Crossbowman
26:03 Elite Skirmisher
26:46 Padded Archer Armor
28:10 Leather Archer Armor
28:24 Ballistics
34:18 Imperial Age
35:02 Bracer
34:27 Arbalester
36:34 Ring Archer Armor
36:17 Thumb Ring
41:06 Chemistry
[C4LL] Vicemastah
7:34 Loom
11:38 Feudal Age
15:34 Castle Age
13:45 Double-Bit Axe
13:42 Horse Collar
19:14 Bow Saw
20:23 Fletching
21:57 Wheelbarrow
24:01 Scale Barding Armor
27:36 Bloodlines
29:05 Chain Barding Armor
31:19 Forging
31:31 Town Watch
32:24 Gold Mining
32:24 Stone Mining
33:21 Iron Casting
32:55 Heavy Plow
36:22 Imperial Age
35:27 Pikeman
36:51 Scale Mail Armor
37:28 Halberdier
38:55 Plate Barding Armor
38:36 Chain Mail Armor
Connection lost

Rejoining the realm…

Still unreachable

The connection could not be restored.

Session expired

The server has moved on; the page needs a fresh start.